 Dungeon Crawl Stone Soup version 0.28.0-45-g0d030f2227 (webtiles) character file.

Game seed: 3580890436831095848

7830 MisterFreud the Fighter (level 11, -12/108 HPs)
             Began as a Naga Fighter on Apr 14, 2022.
             Was an Elder of Cheibriados.
             Killed from afar by an acid dragon (23 damage)
             ... with a splash of acid
             ... on level 11 of the Dungeon.
             The game lasted 00:19:03 (14185 turns).

MisterFreud the Fighter (Naga Fighter)             Turns: 14185, Time: 00:19:04

Health: -12/108    AC:  4    Str: 27    XL:     11   Next: 21%
Magic:  17/17      EV:  7    Int: 20    God:    Cheibriados [****..]
Gold:   438        SH:  6    Dex: 26    Spells: 10/10 levels left

rFire   . . .      SeeInvis +   a - +0 long sword
rCold   . . .      Faith    +   c - +0 buckler
rNeg    . . .      Spirit   .   g - +0 scale mail
rPois   +          Reflect  .   x - +2 hat
rElec   .          Harm     .   s - +0 cloak
rCorr   .          Rampage  .   i - +0 pair of gloves
Will    ++...                   (no barding)
Stlth   +.........              G - amulet of faith
HPRegen 0.28/turn               j - +6 ring of dexterity
MPRegen 0.15/turn               y - ring of willpower

@: corroded, very slow
A: AC +3, large, see invisible, deformed body, poison resistance, slowness 2,
spit poison 1, naga tail 1, weak 1, noise suppression
a: Spit Poison, Renounce Religion, Bend Time, Temporal Distortion, Slouch


You were on level 11 of the Dungeon.
You worshipped Cheibriados.
Cheibriados was greatly pleased with you.
You visited 2 branches of the dungeon, and saw 12 of its levels.

You collected 438 gold pieces.

Inventory:

Hand Weapons
 a - a +0 long sword (weapon)
 b - a +1 vorpal hunting sling
 k - a +2 dagger of pain
 m - a +2 vorpal hand axe
Missiles
 l - 264 stones
 o - 5 boomerangs
 r - 3 javelins
 O - 4 poisoned darts
 P - 8 sling bullets
Armour
 c - a +0 buckler (worn)
 g - a +0 scale mail (worn)
 i - a +0 pair of gloves (worn)
 s - a +0 cloak (worn)
 x - a +2 hat (worn)
Jewellery
 j - a +6 ring of dexterity (left hand)
 q - a ring of resist corrosion
 v - a ring of protection from fire
 y - a ring of willpower (right hand)
 C - a ring of flight
 G - an amulet of faith (around neck)
 M - an amulet of reflection
Wands
 B - a wand of iceblast (10)
 H - a wand of acid (4)
 I - a wand of paralysis (12)
 L - a wand of flame (9)
Scrolls
 f - 2 scrolls of fog
 h - a scroll of teleportation
 n - a scroll of brand weapon
 p - 2 scrolls of amnesia
 u - 2 scrolls of magic mapping
 w - a scroll of blinking
 D - 2 scrolls of enchant armour {unknown}
 E - 3 scrolls of fear
 J - 5 scrolls of enchant weapon {unknown}
 N - a scroll of vulnerability {unknown}
Potions
 d - 2 potions of might
 e - 3 potions of flight
 t - 2 potions of curing
 z - 2 potions of brilliance
 F - 3 potions of attraction
 K - a potion of cancellation {unknown}


   Skills:
 - Level 10.0 Fighting
 + Level 9.9 Long Blades
 - Level 6.0 Armour
 - Level 4.0 Shields
 - Level 8.0 Invocations


You had 10 spell levels left.
You didn't know any spells.
Your spell library contained the following spells:

 Spells                   Type           Power      Damage    Failure   Level
 Animate Skeleton         Necr           0%         N/A       43%         1
 Pain                     Necr           0%         1d4       43%         1
 Call Canine Familiar     Summ           0%         N/A       82%         3
 Portal Projectile        Hex/Tloc       0%         N/A       82%         3
 Vampiric Draining        Necr           0%         2d6       82%         3
 Leda's Liquefaction      Hex/Erth       0%         N/A       99%         4
 Blade Hands              Tmut           0%         N/A       100%        5
 Excruciating Wounds      Necr           0%         N/A       100%        5


Dungeon Overview and Level Annotations

Branches:
Dungeon (11/15)            Temple (1/1) D:6            Lair (0/6) D:8
    Orc (0/2) D:9

Altars:
Ashenzari
Cheibriados
Dithmenos
Elyvilon
Fedhas
Gozag
Hepliaklqana
Kikubaaqudgha
Makhleb
Nemelex Xobeh
Okawaru
Qazlal
Ru
Sif Muna
Trog
Uskayaw
Vehumet
Wu Jian
Xom
Yredelemnul
Zin
The Shining One

Annotations:
D:5 3 runed translucent doors, gon's ghost, novice DECj; jacek's ghost, novice DDCA
D:11 2 transporters, benappo's ghost, journeyman DjAE


Innate Abilities, Weirdness & Mutations

Your serpentine skin is tough. (AC +3)
You have supernaturally acute eyesight. (SInv)
Armour fits poorly on your strangely shaped body.
Your system is resistant to poisons. (rPois)
You cover ground very slowly.
You can spit poison.
You have a snake-like lower body.
You are weak. (Str -2)
You passively dampen the noise of your surroundings.


Message History

The splash of acid hits you!
* * * LOW HITPOINT WARNING * * *
You hit the acid dragon.
The acid dragon is severely wounded.
The centaur warrior zombie hits you.
* * * LOW HITPOINT WARNING * * *
The centaur warrior zombie kicks you.
* * * LOW HITPOINT WARNING * * *
The acid dragon bites you.
* * * LOW HITPOINT WARNING * * *
The acid dragon claws you.
* * * LOW HITPOINT WARNING * * *
Unknown command.
Unknown command.
Unknown command.
Unknown command.
Unknown command.
Unknown command.
Okay, then.
Unknown command.
As you read the scroll of fear, it crumbles to dust.
You assume a fearsome visage.
The acid dragon looks frightened!
The centaur warrior zombie is unaffected.
The centaur warrior zombie hits you!
* * * LOW HITPOINT WARNING * * *
The centaur warrior zombie kicks you but does no damage.
You feel better.
The centaur warrior zombie hits you but does no damage.
The centaur warrior zombie kicks you.
* * * LOW HITPOINT WARNING * * *
The centaur warrior zombie hits you.
* * * LOW HITPOINT WARNING * * *
You block the centaur warrior zombie's attack.
You hit the centaur warrior zombie but do no damage.
The centaur warrior zombie is lightly damaged.
The centaur warrior zombie barely misses you.
The centaur warrior zombie completely misses you.
The acid dragon spits acid at you. The splash of acid hits you!!
You die...

###. #......# #.# ..##.
#......# ..#
#.8#..#......#####..#####
.##.Z#.....)..........#.#..
....W#..............##.....
©...y#©.....)........^.....
.....#.....................
. #..#.......).............
.##.8#.........(@..D.......
....##.....###.##Z.........
#####......#....#..!.......
......................#....
.!..................#####.#
.....................# #
................#.....
...............##.##)..
.......#.#....##... #...


You could see an acid dragon (fleeing, catching breath) and a centaur warrior
zombie.

Vanquished Creatures
  A two-headed ogre (D:10)
  A centaur warrior (D:8)
  A cyclops (D:11)
  2 wraiths (D:11)
  17 yaks
  A steam dragon (D:8)
  A water moccasin (D:3)
  6 orc warriors
  4 ogres
  2 sky beasts (D:7)
  2 centaurs (D:9)
  A phantom (D:5)
  2 gnoll sergeants
  2 scorpions
  2 wyvern zombies
  A bullfrog (D:7)
  A water moccasin zombie (D:5)
  A wyvern skeleton (D:7)
  3 killer bees (D:10)
  7 wights
  2 jellies
  2 hounds
  4 centaur zombies
  A gnoll shaman (D:4)
  4 orc priests
  2 centaur skeletons
  3 iguanas
  6 orc wizards
  A killer bee zombie (D:6)
  15 gnolls
  A howler monkey skeleton (D:7)
  3 adders
  A white imp (D:7)
  2 worms
  3 dart slugs
  41 orcs
  6 ball pythons
  6 endoplasms
  8 giant cockroaches
  9 goblins
  2 hobgoblins (D:1)
  5 quokkas
  5 bats
  3 frilled lizards
  6 kobolds
  24 rats
223 creatures vanquished.

Vanquished Creatures (others)
  2 fungi (D:6)
  7 plants (D:6)
  4 withered plants (D:5)
13 creatures vanquished.

Grand Total: 236 creatures vanquished

Notes
Turn   | Place    | Note
-------+----------+-------------------------------------------
     0 | D:1      | MisterFreud the Naga Fighter began the quest for the Orb.
     0 | D:1      | Reached XP level 1. HP: 21/21 MP: 1/1
    71 | D:1      | Reached XP level 2. HP: 24/28 MP: 2/2
   503 | D:1      | Reached XP level 3. HP: 31/34 MP: 3/3
   652 | D:1      | Found a faded altar of an unknown god.
   829 | D:2      | Reached XP level 4. HP: 33/42 MP: 4/4
  1678 | D:3      | Noticed a water moccasin
  1696 | D:3      | Killed a water moccasin
  1697 | D:3      | Reached skill level 5 in Long Blades
  1697 | D:3      | Reached XP level 5. HP: 9/49 MP: 5/5
  2170 | D:3      | Reached XP level 6. HP: 54/56 MP: 6/6
  2990 | D:4      | HP: 4/84 [poisoned by a scorpion]
  2992 | D:4      | Gained mutation: You are weak. (Str -2) [potion of
                  | mutation]
  2992 | D:4      | Gained mutation: You passively dampen the noise of your
                  | surroundings. [potion of mutation]
  2996 | D:4      | Reached XP level 7. HP: 21/62 MP: 7/7
  3570 | D:5      | Entered Level 5 of the Dungeon
  4153 | D:5      | Reached XP level 8. HP: 40/69 MP: 8/8
  4712 | D:5      | Found a runed translucent gate.
  4712 | D:5      | Found a runed translucent gate.
  4713 | D:5      | Found a runed translucent gate.
  4714 | D:5      | Noticed gon's ghost (novice DECj)
  4714 | D:5      | Noticed jacek's ghost (novice DDCA)
  4714 | D:5      | Noticed jacek's ghost (novice DDCA)
  5092 | D:6      | Found a sacrificial altar of Ru.
  5368 | D:6      | Reached skill level 5 in Armour
  5770 | D:6      | Found a staircase to the Ecumenical Temple.
  5801 | Temple   | Entered the Ecumenical Temple
  5885 | Temple   | Became a worshipper of Cheibriados the Contemplative
  6154 | D:7      | Reached skill level 1 in Invocations
  6414 | D:7      | Reached XP level 9. HP: 75/75 MP: 9/11
  6739 | D:7      | Identified the +0 robe of Polish {rCorr Str+2 Stlth+}
  6744 | D:7      | Found an ancient bone altar of Kikubaaqudgha.
  6906 | D:7      | Found a shimmering blue altar of Sif Muna.
  7214 | D:7      | Reached skill level 4 in Fighting
  7387 | D:8      | Reached * piety under Cheibriados
  7390 | D:8      | Reached skill level 5 in Fighting
  7796 | D:7      | Reached skill level 6 in Fighting
  8039 | D:8      | Reached skill level 7 in Fighting
  8261 | D:8      | Noticed a centaur warrior
  8279 | D:8      | Killed a centaur warrior
  8280 | D:8      | Reached skill level 8 in Fighting
  8280 | D:8      | Reached XP level 10. HP: 10/98 MP: 13/13
  8757 | D:8      | Found a blossoming altar of Fedhas.
  8863 | D:8      | Found a staircase to the Lair.
  9102 | D:8      | Reached skill level 9 in Fighting
 10244 | D:9      | Found a staircase to the Orcish Mines.
 10273 | D:9      | Reached ** piety under Cheibriados
 10274 | D:9      | Reached skill level 10 in Fighting
 10953 | D:9      | Reached skill level 5 in Invocations
 11746 | D:9      | Reached *** piety under Cheibriados
 12381 | D:10     | Entered Level 10 of the Dungeon
 12489 | D:10     | Noticed a two-headed ogre
 12500 | D:10     | Killed a two-headed ogre
 12501 | D:10     | Reached XP level 11. HP: 58/108 MP: 15/17
 13069 | D:10     | Found an iron altar of Okawaru.
 13305 | D:10     | Reached **** piety under Cheibriados
 13653 | D:10     | Found a glowing golden altar of the Shining One.
 13906 | D:11     | Found a transporter.
 13911 | D:11     | Found a transporter.
 13911 | D:11     | Noticed benappo's ghost (journeyman DjAE)
 13960 | D:11     | Noticed a cyclops
 13973 | D:11     | Killed a cyclops
 14183 | D:11     | HP: 4/108 [centaur warrior zombie (7)]
 14185 | D:11     | Killed from afar by an acid dragon

Illustrated notes

Levels and vault maps discovered:
D:1:      lightli_arrival_isolated_outpost, layout_loops_ring,
          shapermc_ecumenical_altar_mp_vishouse
D:2:      layout_loops_ring, nrook_mini_backslash, minmay_misc_feat_tower
D:3:      layout_rooms, minmay_rat_hole
D:4:      layout_basic
D:5:      layout_loops_ring, gammafunk_ghost_cemetery
D:6:      layout_cave_pools, nicolae_ru_the_path_less_chosen,
          minmay_temple_entry_antechambers
D:7:      layout_loops_ring, mainiacjoe_overflow_catwalk_spiral,
          grunt_ministairs_12, hex_large, kennysheep_generic_room_14
D:8:      layout_gridville, mainiacjoe_overflow_tiny_flanked, lair_entry_dummy
D:9:      layout_irregular_city, david_orc_2
D:10:     layout_small_grid, mainiacjoe_overflow_chevrons,
          amcnicky_altar_gilded, minmay_misc_feat_tiny
D:11:     layout_cave_pools, gammafunk_ghost_arena,
          lemuel_zombie_altar_kikubaaqudgha, uniq_maurice
Temple:   compressed_dpeg_circular_temple

Skill      XL: |  1  2  3  4  5  6  7  8  9 10 11 |
---------------+----------------------------------+-----
Long Blades    | 3 4 5 6 7 8 9 |  9.9
Armour         | 3 6 |  6.0
Shields        | 3 4 |  4.0
Invocations    | 3 4 8 |  8.0
Fighting       | 8 10 | 10.0

Action                   |  1- 3 |  4- 6 |  7- 9 | 10-12 || total
-------------------------+-------+-------+-------+-------++-------
Melee: Long sword        |    50 |   103 |   333 |   357 ||   843
 Fire: Hunting sling     |     6 |    83 |     3 |    21 ||   113
Invok: Bend Time         |       |       |       |     2 ||     2
 Abil: Spit Poison       |    21 |     8 |    17 |     5 ||    51
Evoke: Wand              |       |       |     1 |     3 ||     4
  Use: Scroll            |       |     4 |       |    12 ||    16
       Potion            |       |     5 |     1 |     1 ||     7
Armor: Scale mail        |    18 |    39 |   153 |   206 ||   416
       Skin              |       |     3 |    15 |       ||    18
Dodge: Dodged            |    22 |    35 |   104 |   158 ||   319
Block: Buckler           |    18 |    27 |    81 |   132 ||   258
